Spitfire vs Saguenéens
Created - 23 décembre 2013 at 19:28
Goals
|
| Spitfire |
0 |
4 |
1 |
5 |
| Saguenéens |
1 |
3 |
3 |
7 |
|
Shots
|
| Spitfire |
12 |
20 |
10 |
42 |
| Saguenéens |
15 |
9 |
9 |
33 |
|
1st period
1. Saguenéens , James Sheppard 5 (Petteri Wirtanen, Derek Joslin) at 7:52
Penalties :
No Penalty
2nd period
2. Saguenéens , Kyle Brodziak 13 (Dwight King, Brandon Yip) at 0:12
3. Saguenéens , Brandon Yip 22 (Kyle Brodziak) at 4:35
4. Spitfire , Paul Bissonnette 11 (Rick Schofield, Denis Shvidki) at 6:40
5. Spitfire , Rick Schofield 7 (Denis Shvidki, Andrew Campbell) at 8:21
6. Spitfire , Paul Bissonnette 12 (Denis Shvidki) at 9:23
7. Saguenéens , Petteri Wirtanen 7 (Henrik Tallinder, James Sheppard) at 15:14
8. Spitfire , Rick Schofield 8 (Denis Shvidki, Paul Bissonnette) at 16:54
Penalties :
Jarkko Ruutu (Chi) for Holding (Minor) at 10:01
3rd period
9. Saguenéens , Wayne Primeau 7 (Brandon Yip) at 1:56 (SH)
10. Spitfire , Marc-Antoine Pouliot 18 (Tim Kennedy, Shean Donovan) at 5:42
11. Saguenéens , Evgeny Dadonov 23 (Trevor Daley, Wayne Primeau) at 17:29
12. Saguenéens , Wayne Primeau 8 (Wayne Simmonds, Evgeny Dadonov) at 19:16 (Empty Net)
Penalties :
Justin Schultz (Chi) for Holding (Minor) at 1:22, Derek Joslin (Chi) for Interference (Minor) at 9:19
Goalie Stats
Yann Danis (Val), 26 saves from 32 shots - (0,813), L, 3-6-3, 59:50 minutes
James Reimer (Chi), 37 saves from 42 shots - (0,881), W, 11-5-2, 60:00 minutes
Players Stats for Spitfire
Player Name G A P +/- PIM S H SB GA TA FO MP PP MP PK MP
------------------------------------------------------------------------------------
Andrew Campbell 0 1 1 -1 0 1 1 0 0 0 0/0 18:51 2:22 0:00
Brad Staubitz 0 0 0 0 0 4 1 0 1 0 1/1 8:09 0:02 0:00
Danny Syvret 0 0 0 -1 0 1 2 2 0 2 0/0 18:51 2:22 0:00
Denis Shvidki 0 4 4 3 0 5 2 2 0 0 0/0 17:34 2:43 0:00
Eric Mestery 0 0 0 1 0 0 0 2 0 1 0/0 14:07 0:00 0:00
Erik Condra 0 0 0 -2 0 3 2 0 0 0 0/0 12:25 0:02 0:00
Josh Brittain 0 0 0 0 0 0 0 0 0 0 0/0 0:00 0:00 0:00
Keaton Ellerby 0 0 0 -2 0 2 4 5 1 3 0/0 27:02 3:35 0:00
MacGregor Sharp 0 0 0 0 0 0 0 1 0 0 2/3 7:42 0:00 0:00
Marc-Antoine Pouliot 1 0 1 -3 0 3 1 1 0 1 18/38 22:19 3:12 0:00
Mathieu Roy 0 0 0 -2 0 5 4 0 1 0 0/0 27:02 3:35 0:00
Matt Delahey 0 0 0 1 0 0 1 1 0 1 0/0 14:07 0:00 0:00
Patrice Cormier 0 0 0 -2 0 0 0 0 0 1 2/7 12:00 0:00 0:00
Patrick Davis 0 0 0 0 0 0 0 0 0 0 0/0 0:25 0:02 0:00
Paul Bissonnette 2 1 3 3 0 4 3 1 0 0 0/1 17:34 2:43 0:00
Radek Smolenak 0 0 0 -2 0 2 0 1 0 1 0/0 11:58 0:00 0:00
Raymond Sawada 0 0 0 0 0 0 0 0 0 0 0/0 0:00 0:00 0:00
Rick Schofield 2 1 3 3 0 3 1 0 0 0 5/9 17:34 2:43 0:00
Shean Donovan 0 1 1 -3 0 5 1 1 3 1 1/3 22:19 3:12 0:00
Tim Kennedy 0 1 1 -3 0 4 1 0 0 0 1/3 22:19 3:12 0:00
Tony Lucia 0 0 0 0 0 0 0 0 0 1 0/0 7:42 0:00 0:00
Players Stats for Saguenéens
Player Name G A P +/- PIM S H SB GA TA FO MP PP MP PK MP
------------------------------------------------------------------------------------
Brandon Yip 1 2 3 0 0 4 1 0 2 1 0/0 17:21 0:00 2:56
Brian Flynn 0 0 0 -1 0 3 0 2 0 0 2/7 11:01 0:00 0:00
David Laliberté 0 0 0 -1 0 2 0 0 0 0 0/1 11:30 0:00 0:29
Derek Joslin 0 1 1 2 2 1 1 1 0 2 0/0 15:42 0:00 1:51
Dwight King 0 1 1 -1 0 0 4 0 1 0 0/0 14:31 0:00 0:23
Evgeny Dadonov 1 1 2 1 0 4 2 0 3 1 0/0 20:22 0:00 0:00
Henrik Tallinder 0 1 1 1 0 4 2 5 1 0 0/0 20:16 0:00 2:11
Ian Cole 0 0 0 0 0 1 1 3 0 0 0/0 18:56 0:00 0:20
James Sheppard 1 1 2 2 0 1 2 0 0 0 0/1 8:32 0:00 0:00
Jarkko Ruutu 0 0 0 -1 2 0 1 1 1 0 0/0 13:32 0:00 1:49
Jeffrey Foss 0 0 0 0 0 0 1 1 0 0 0/0 14:05 0:00 1:34
Justin Schultz 0 0 0 1 2 1 4 2 1 0 0/0 25:40 0:00 2:12
Kyle Brodziak 1 1 2 -1 0 2 2 0 0 1 14/25 17:26 0:00 2:52
Petteri Wirtanen 1 1 2 2 0 1 0 0 0 0 2/5 7:49 0:00 0:00
Rhett Rakhshani 0 0 0 2 0 0 1 0 0 0 0/0 7:49 0:00 0:00
Trevor Daley 0 1 1 0 0 1 1 0 0 1 0/0 24:53 0:00 3:17
Wayne Primeau 2 1 3 2 0 4 1 0 1 0 16/25 23:18 0:00 2:56
Wayne Simmonds 0 1 1 1 0 4 2 2 2 0 1/1 21:17 0:00 0:58
3 Stars
1 - Paul Bissonnette (Val)
2 - Rick Schofield (Val)
3 - Wayne Primeau (Chi)
Power Play
Spitfire - 0 on 3 Attempt(s) - 0,00%
Saguenéens - 0 on 0 Attempt(s) - 0,00%
Penalty Kill
Spitfire - 0 on 0 Attempt(s) - 0,00%
- Score 0 goal in Penalty Kill
Saguenéens - 3 on 3 Attempt(s) - 100,00%
- Score 1 goal in Penalty Kill
Official
Referees : Peel Tim and Furlatt Eric
Linesman : Pierre Racicot and Mike Cvik
Game Notes
4:35 of 2nd period - Saguenéens goal is going for a video replay. After video review, Goal.
19:34 of 2nd period - Saguenéens goal is going for a video replay. After video review, No Goal. The net was displaced accidentally.
Wayne Primeau has scored in a empty net!
Finance
Level 1 -- Attendance: 1489 (74,45%) -- Ticket Income 59 560 $
Level 2 -- Attendance: 729 (72,90%) -- Ticket Income 14 580 $
Total Attendance: 2218 (73,93%)
Total Ticket Income: 74 140 $
Other Income: 3 707 $
Total Income: 77 847 $
Spitfire
5 vs 5 Forward
Center Left Wing Right Wing Time % Phy DF OF
1 Marc-Antoine Pouliot Tim Kennedy Shean Donovan 40 1 2 2
2 Rick Schofield Paul Bissonnette Denis Shvidki 30 1 2 2
3 Patrice Cormier Radek Smolenak Erik Condra 20 1 2 2
4 MacGregor Sharp Tony Lucia Brad Staubitz 10 1 2 2
5 vs 5 Defense
Defense Defense Time % Phy DF OF
1 Mathieu Roy Keaton Ellerby 40 1 2 2
2 Danny Syvret Andrew Campbell 30 1 2 2
3 Matt Delahey Eric Mestery 20 1 2 2
4 Mathieu Roy Keaton Ellerby 10 1 2 2
PowerPlay Forward
Center Left Wing Right Wing Time % Phy DF OF
1 Marc-Antoine Pouliot Tim Kennedy Shean Donovan 60 1 2 2
2 Rick Schofield Paul Bissonnette Denis Shvidki 40 1 2 2
PowerPlay Defense
Defense Defense Time % Phy DF OF
1 Mathieu Roy Keaton Ellerby 60 1 2 2
2 Danny Syvret Andrew Campbell 40 1 2 2
Penalty Kill 4 Players Forward
Center Wing Time % Phy DF OF
1 Shean Donovan Denis Shvidki 60 1 2 2
2 Tim Kennedy Marc-Antoine Pouliot 40 1 2 2
Penalty Kill 4 Players Defense
Defense Defense Time % Phy DF OF
1 Mathieu Roy Keaton Ellerby 60 1 2 2
2 Danny Syvret Andrew Campbell 40 1 2 2
Penalty Kill - 3 Players Forward
Forward Time % Phy DF OF
1 Shean Donovan 60 1 2 2
2 Denis Shvidki 40 1 2 2
Penalty Kill - 3 Players Defense
Defense Defense Time % Phy DF OF
1 Mathieu Roy Keaton Ellerby 60 1 2 2
2 Danny Syvret Andrew Campbell 40 1 2 2
4 vs 4 Forward
Center Wing Time % Phy DF OF
1 Shean Donovan Denis Shvidki 60 1 2 2
2 Tim Kennedy Marc-Antoine Pouliot 40 1 2 2
4 vs 4 Defense
Defense Defense Time % Phy DF OF
1 Mathieu Roy Keaton Ellerby 60 1 2 2
2 Danny Syvret Andrew Campbell 40 1 2 2
Last Minutes Offensive
Center Left Wing Right Wing Defense Defense
Marc-Antoine Pouliot Tim Kennedy Shean Donovan Mathieu Roy Keaton Ellerby
Last Minutes Defensive
Center Left Wing Right Wing Defense Defense
Marc-Antoine Pouliot Tim Kennedy Shean Donovan Mathieu Roy Keaton Ellerby
Goaltenders
Starting : Yann Danis
Backup : Todd Ford
Extra Forwards
Normal : Erik Condra, Brad Staubitz, Patrice Cormier - PP : Erik Condra, Brad Staubitz - PK : Patrice Cormier
Extra Defensemen
Normal : Matt Delahey, Eric Mestery, Danny Syvret - PP : Matt Delahey - PK : Eric Mestery, Danny Syvret
Penalty Shots
Shean Donovan, Denis Shvidki, Tim Kennedy, Marc-Antoine Pouliot, Erik Condra
Saguenéens
5 vs 5 Forward
Center Left Wing Right Wing Time % Phy DF OF
1 Wayne Primeau Evgeny Dadonov Wayne Simmonds 40 1 1 3
2 Kyle Brodziak Dwight King Brandon Yip 30 1 1 3
3 Brian Flynn Jarkko Ruutu David Laliberté 18 1 2 2
4 Petteri Wirtanen James Sheppard Rhett Rakhshani 12 1 2 2
5 vs 5 Defense
Defense Defense Time % Phy DF OF
1 Justin Schultz Trevor Daley 34 1 2 2
2 Ian Cole Henrik Tallinder 34 1 2 2
3 Jeffrey Foss Derek Joslin 22 1 2 2
4 Justin Schultz Trevor Daley 10 0 2 3
PowerPlay Forward
Center Left Wing Right Wing Time % Phy DF OF
1 Wayne Primeau Evgeny Dadonov Wayne Simmonds 60 0 1 4
2 Kyle Brodziak Dwight King Brandon Yip 40 0 1 4
PowerPlay Defense
Defense Defense Time % Phy DF OF
1 Justin Schultz Trevor Daley 60 0 2 3
2 Ian Cole Henrik Tallinder 40 0 2 3
Penalty Kill 4 Players Forward
Center Wing Time % Phy DF OF
1 Kyle Brodziak Jarkko Ruutu 50 1 3 1
2 Wayne Primeau Brandon Yip 50 1 3 1
Penalty Kill 4 Players Defense
Defense Defense Time % Phy DF OF
1 Justin Schultz Trevor Daley 50 1 3 1
2 Derek Joslin Henrik Tallinder 50 1 3 1
Penalty Kill - 3 Players Forward
Forward Time % Phy DF OF
1 Jarkko Ruutu 50 1 3 1
2 Wayne Primeau 50 1 3 1
Penalty Kill - 3 Players Defense
Defense Defense Time % Phy DF OF
1 Justin Schultz Trevor Daley 50 1 3 1
2 Derek Joslin Henrik Tallinder 50 1 3 1
4 vs 4 Forward
Center Wing Time % Phy DF OF
1 Kyle Brodziak Brandon Yip 50 1 1 3
2 Wayne Primeau Wayne Simmonds 50 1 1 3
4 vs 4 Defense
Defense Defense Time % Phy DF OF
1 Justin Schultz Trevor Daley 50 1 2 2
2 Henrik Tallinder Ian Cole 50 1 2 2
Last Minutes Offensive
Center Left Wing Right Wing Defense Defense
Wayne Primeau Evgeny Dadonov Brandon Yip Justin Schultz Trevor Daley
Last Minutes Defensive
Center Left Wing Right Wing Defense Defense
Wayne Primeau Evgeny Dadonov Wayne Simmonds Justin Schultz Derek Joslin
Goaltenders
Starting : James Reimer
Backup : Harru Sateri
Extra Forwards
Normal : James Sheppard, Wayne Primeau, Evgeny Dadonov - PP : James Sheppard, Brian Flynn - PK : Wayne Simmonds
Extra Defensemen
Normal : Derek Joslin, Jeffrey Foss, Justin Schultz - PP : Jeffrey Foss - PK : Jeffrey Foss, Ian Cole
Penalty Shots
Brandon Yip, Wayne Primeau, Evgeny Dadonov, Jarkko Ruutu, Wayne Simmonds
% Time on Ice - Spitfire
Lines # - Real PCT - Wanted PCT - Time Play
Normal Forward
1 - 36% - 40% - 19:04
2 - 28% - 30% - 14:51
3 - 22% - 20% - 11:58
4 - 14% - 10% - 7:42
Normal Defense
1 - 38% - 40% - 20:30
2 - 31% - 30% - 16:29
3 - 26% - 20% - 14:07
4 - 5% - 10% - 2:29
PP Forward
1 - 54% - 60% - 3:14
2 - 46% - 40% - 2:43
PP Defense
1 - 60% - 60% - 3:35
2 - 40% - 40% - 2:22
PK Forward
1 - 0% - 60%
2 - 0% - 40%
PK Defense
1 - 0% - 60%
2 - 0% - 40%
PK3 Forward
1 - 0% - 60%
2 - 0% - 40%
PK3 Defense
1 - 0% - 60%
2 - 0% - 40%
44 Forward
1 - 0% - 60%
2 - 0% - 40%
44 Defense
1 - 0% - 60%
2 - 0% - 40%
Last Minute Offensive - 0:28
Last Minute Defensive - 0:00
Total
Forward - 60:00
Defense - 60:00
|
% Time on Ice - Saguenéens
Lines # - Real PCT - Wanted PCT - Time Play
Normal Forward
1 - 38% - 40% - 20:36
2 - 26% - 30% - 14:08
3 - 21% - 18% - 11:01
4 - 15% - 12% - 7:49
Normal Defense
1 - 34% - 34% - 18:11
2 - 36% - 34% - 19:27
3 - 23% - 22% - 12:31
4 - 6% - 10% - 3:25
PP Forward
1 - 0% - 60%
2 - 0% - 40%
PP Defense
1 - 0% - 60%
2 - 0% - 40%
PK Forward
1 - 48% - 50% - 2:52
2 - 52% - 50% - 3:05
PK Defense
1 - 50% - 50% - 3:00
2 - 50% - 50% - 2:57
PK3 Forward
1 - 0% - 50%
2 - 0% - 50%
PK3 Defense
1 - 0% - 50%
2 - 0% - 50%
44 Forward
1 - 0% - 50%
2 - 0% - 50%
44 Defense
1 - 0% - 50%
2 - 0% - 50%
Last Minute Offensive - 0:00
Last Minute Defensive - 0:29
Total
Forward - 60:00
Defense - 60:00
|
Play by Play
1st period
0:01 of 1st period - Wayne Primeau wins face-off versus Marc-Antoine Pouliot in neutral zone.
0:10 of 1st period - Justin Schultz is hit by Shean Donovan and loses puck.
0:25 of 1st period - Justin Schultz is hit by Mathieu Roy and loses puck.
0:34 of 1st period - Snap shot by Denis Shvidki.
0:34 of 1st period - Deflect By Paul Bissonnette.
0:34 of 1st period - Shot Misses the Net.
0:34 of 1st period - Puck is out of play.
0:35 of 1st period - Brian Flynn wins face-off versus Patrice Cormier in Saguenéens zone.
0:40 of 1st period - Slapshot by Henrik Tallinder.
0:40 of 1st period - Stopped by Yann Danis without a rebound.
0:41 of 1st period - Patrice Cormier wins face-off versus Brian Flynn in Spitfire zone.
0:45 of 1st period - Off-side.
0:46 of 1st period - Brad Staubitz wins face-off versus Petteri Wirtanen in neutral zone.
1:11 of 1st period - Wayne Primeau is hit by Paul Bissonnette and loses puck.
1:38 of 1st period - Wayne Primeau is hit by Erik Condra and loses puck.
1:43 of 1st period - Slapshot by Mathieu Roy.
1:43 of 1st period - Stopped by James Reimer with a rebound.
1:45 of 1st period - Wrist shot by Erik Condra.
1:45 of 1st period - Shot Blocked by Wayne Simmonds.
1:47 of 1st period - Slapshot by Mathieu Roy.
1:47 of 1st period - Stopped by James Reimer with a rebound.
2:03 of 1st period - Slapshot by Brandon Yip.
2:03 of 1st period - Stopped by Yann Danis without a rebound.
2:04 of 1st period - Marc-Antoine Pouliot wins face-off versus Brian Flynn in Spitfire zone.
2:11 of 1st period - Wrist shot by Tim Kennedy.
2:11 of 1st period - Shot Blocked by Henrik Tallinder.
3:01 of 1st period - Wrist shot by James Sheppard.
3:01 of 1st period - Shot Misses the Net.
3:15 of 1st period - Snap shot by Tim Kennedy.
3:15 of 1st period - Deflect By Marc-Antoine Pouliot.
3:15 of 1st period - Stopped by James Reimer with a rebound.
3:17 of 1st period - Wrist shot by Shean Donovan.
3:17 of 1st period - Stopped by James Reimer with a rebound.
4:10 of 1st period - Icing by Mathieu Roy.
4:11 of 1st period - Patrice Cormier wins face-off versus Petteri Wirtanen in Spitfire zone.
4:22 of 1st period - Wrist shot by Erik Condra.
4:22 of 1st period - Stopped by James Reimer with a rebound.
4:24 of 1st period - Wrist shot by Erik Condra.
4:24 of 1st period - Shot Misses the Net.
4:26 of 1st period - Snap shot by Mathieu Roy.
4:26 of 1st period - Stopped by James Reimer with a rebound.
4:36 of 1st period - Tim Kennedy is hit by Wayne Simmonds.
5:29 of 1st period - Derek Joslin is hit by Danny Syvret and loses puck.
5:35 of 1st period - Off-side.
5:36 of 1st period - Wayne Primeau wins face-off versus Patrice Cormier in neutral zone.
6:11 of 1st period - Wrist shot by Wayne Primeau.
6:11 of 1st period - Shot Misses the Net.
6:21 of 1st period - Snap shot by Evgeny Dadonov.
6:21 of 1st period - Shot Hit the Post.
6:31 of 1st period - Snap shot by Evgeny Dadonov.
6:31 of 1st period - Shot Blocked by Danny Syvret.
6:33 of 1st period - Wrist shot by Wayne Primeau.
6:33 of 1st period - Shot Blocked by Danny Syvret.
6:50 of 1st period - Snap shot by Wayne Primeau.
6:50 of 1st period - Stopped by Yann Danis without a rebound.
6:51 of 1st period - Marc-Antoine Pouliot wins face-off versus Kyle Brodziak in Spitfire zone.
7:04 of 1st period - Slapshot by Brandon Yip.
7:04 of 1st period - Shot Misses the Net.
7:06 of 1st period - Backhand shot by Ian Cole.
7:06 of 1st period - Stopped by Yann Danis without a rebound.
7:07 of 1st period - Marc-Antoine Pouliot wins face-off versus Brian Flynn in Spitfire zone.
7:14 of 1st period - Wrist shot by Shean Donovan.
7:14 of 1st period - Shot Blocked by Henrik Tallinder.
7:16 of 1st period - Slapshot by Keaton Ellerby.
7:16 of 1st period - Stopped by James Reimer with a rebound.
7:18 of 1st period - Slapshot by Keaton Ellerby.
7:18 of 1st period - Shot Blocked by Jarkko Ruutu.
7:20 of 1st period - Slapshot by Keaton Ellerby.
7:20 of 1st period - Shot Blocked by Ian Cole.
7:30 of 1st period - Keaton Ellerby is hit by Dwight King.
7:36 of 1st period - Henrik Tallinder is hit by Erik Condra.
7:50 of 1st period - Snap shot by Petteri Wirtanen.
7:50 of 1st period - Shot Blocked by Eric Mestery.
7:52 of 1st period - Slapshot by James Sheppard.
7:52 of 1st period - Goal by James Sheppard - Spitfire : 0 - Saguenéens : 1.
7:53 of 1st period - Marc-Antoine Pouliot wins face-off versus Kyle Brodziak in neutral zone.
8:04 of 1st period - Snap shot by Kyle Brodziak.
8:04 of 1st period - Shot Misses the Net.
9:02 of 1st period - Snap shot by Shean Donovan.
9:02 of 1st period - Deflect By Tim Kennedy.
9:02 of 1st period - Stopped by James Reimer without a rebound.
9:03 of 1st period - Petteri Wirtanen wins face-off versus Marc-Antoine Pouliot in Saguenéens zone.
10:03 of 1st period - Danny Syvret is hit by Ian Cole and loses puck.
10:20 of 1st period - Slapshot by David Laliberté.
10:20 of 1st period - Stopped by Yann Danis without a rebound.
10:21 of 1st period - Marc-Antoine Pouliot wins face-off versus Kyle Brodziak in Spitfire zone.
10:32 of 1st period - Wrist shot by Kyle Brodziak.
10:32 of 1st period - Shot Blocked by Shean Donovan.
10:48 of 1st period - Icing by Wayne Simmonds.
10:49 of 1st period - Rick Schofield wins face-off versus Wayne Primeau in Saguenéens zone.
11:09 of 1st period - Wayne Primeau is hit by Mathieu Roy and loses puck.
11:18 of 1st period - Wrist shot by Evgeny Dadonov.
11:18 of 1st period - Shot Misses the Net.
11:20 of 1st period - Slapshot by Jeffrey Foss.
11:20 of 1st period - Shot Misses the Net.
11:52 of 1st period - Snap shot by Wayne Simmonds.
11:52 of 1st period - Stopped by Yann Danis with a rebound.
12:04 of 1st period - Slapshot by Evgeny Dadonov.
12:04 of 1st period - Shot Misses the Net.
12:06 of 1st period - Wrist shot by Wayne Simmonds.
12:06 of 1st period - Stopped by Yann Danis without a rebound.
12:07 of 1st period - Marc-Antoine Pouliot wins face-off versus Kyle Brodziak in Spitfire zone.
12:54 of 1st period - Slapshot by Trevor Daley.
12:54 of 1st period - Stopped by Yann Danis without a rebound.
12:55 of 1st period - Petteri Wirtanen wins face-off versus MacGregor Sharp in Spitfire zone.
13:50 of 1st period - Snap shot by David Laliberté.
13:50 of 1st period - Stopped by Yann Danis without a rebound.
13:51 of 1st period - Kyle Brodziak wins face-off versus Patrice Cormier in Spitfire zone.
14:29 of 1st period - Icing by Wayne Simmonds.
14:30 of 1st period - Rick Schofield wins face-off versus Wayne Primeau in Saguenéens zone.
14:31 of 1st period - Wrist shot by Denis Shvidki.
14:31 of 1st period - Stopped by James Reimer with a rebound.
14:39 of 1st period - Danny Syvret is hit by Wayne Simmonds and loses puck.
14:48 of 1st period - Snap shot by Wayne Primeau.
14:48 of 1st period - Shot Misses the Net.
15:00 of 1st period - Rick Schofield is hit by Trevor Daley and loses puck.
15:21 of 1st period - Snap shot by Denis Shvidki.
15:21 of 1st period - Stopped by James Reimer with a rebound.
16:54 of 1st period - Trevor Daley is hit by Denis Shvidki and loses puck.
17:07 of 1st period - Wrist shot by Wayne Simmonds.
17:07 of 1st period - Stopped by Yann Danis without a rebound.
17:08 of 1st period - Marc-Antoine Pouliot wins face-off versus Kyle Brodziak in Spitfire zone.
17:58 of 1st period - Snap shot by Henrik Tallinder.
17:58 of 1st period - Deflect By Brad Staubitz.
17:58 of 1st period - Stopped by Yann Danis with a rebound.
18:00 of 1st period - Slapshot by Henrik Tallinder.
18:00 of 1st period - Shot Misses the Net.
18:02 of 1st period - Slapshot by Henrik Tallinder.
18:02 of 1st period - Deflect By Matt Delahey.
18:02 of 1st period - Stopped by Yann Danis without a rebound.
18:03 of 1st period - Kyle Brodziak wins face-off versus Marc-Antoine Pouliot in Spitfire zone.
18:06 of 1st period - Snap shot by Kyle Brodziak.
18:06 of 1st period - Stopped by Yann Danis with a rebound.
18:14 of 1st period - Snap shot by Marc-Antoine Pouliot.
18:14 of 1st period - Shot Blocked by Jeffrey Foss.
18:16 of 1st period - Snap shot by Keaton Ellerby.
18:16 of 1st period - Stopped by James Reimer with a rebound.
18:18 of 1st period - Snap shot by Tim Kennedy.
18:18 of 1st period - Stopped by James Reimer with a rebound.
18:28 of 1st period - Kyle Brodziak is hit by Mathieu Roy and loses puck.
19:02 of 1st period - Snap shot by Henrik Tallinder.
19:02 of 1st period - Stopped by Yann Danis with a rebound.
19:08 of 1st period - Snap shot by Jarkko Ruutu.
19:08 of 1st period - Shot Blocked by Radek Smolenak.
19:24 of 1st period - Tim Kennedy is hit by James Sheppard and loses puck.
19:47 of 1st period - Keaton Ellerby is hit by James Sheppard and loses puck.
2nd period
0:01 of 2nd period - Kyle Brodziak wins face-off versus Marc-Antoine Pouliot in neutral zone.
0:12 of 2nd period - Wrist shot by Kyle Brodziak.
0:12 of 2nd period - Goal by Kyle Brodziak - Spitfire : 0 - Saguenéens : 2.
0:13 of 2nd period - Marc-Antoine Pouliot wins face-off versus Kyle Brodziak in neutral zone.
0:16 of 2nd period - Kyle Brodziak is hit by Keaton Ellerby and loses puck.
1:38 of 2nd period - Icing by Rick Schofield.
1:39 of 2nd period - Kyle Brodziak wins face-off versus Marc-Antoine Pouliot in Spitfire zone.
1:44 of 2nd period - Slapshot by Brandon Yip.
1:44 of 2nd period - Shot Blocked by Keaton Ellerby.
1:52 of 2nd period - Derek Joslin is hit by Marc-Antoine Pouliot and loses puck.
2:07 of 2nd period - Slapshot by Radek Smolenak.
2:07 of 2nd period - Stopped by James Reimer with a rebound.
2:09 of 2nd period - Snap shot by Erik Condra.
2:09 of 2nd period - Shot Blocked by Derek Joslin.
2:35 of 2nd period - Slapshot by Evgeny Dadonov.
2:35 of 2nd period - Deflect By Wayne Simmonds.
2:35 of 2nd period - Shot Misses the Net.
2:35 of 2nd period - Puck is out of play.
2:36 of 2nd period - Shean Donovan wins face-off versus Kyle Brodziak in Spitfire zone.
2:56 of 2nd period - Eric Mestery is hit by Kyle Brodziak and loses puck.
3:40 of 2nd period - Danny Syvret is hit by Rhett Rakhshani and loses puck.
4:03 of 2nd period - Slapshot by Brad Staubitz.
4:03 of 2nd period - Stopped by James Reimer with a rebound.
4:20 of 2nd period - Off-side.
4:21 of 2nd period - Kyle Brodziak wins face-off versus Marc-Antoine Pouliot in neutral zone.
4:24 of 2nd period - Wrist shot by Brandon Yip.
4:24 of 2nd period - Stopped by Yann Danis with a rebound.
4:27 of 2nd period - Icing by Shean Donovan.
4:28 of 2nd period - Kyle Brodziak wins face-off versus Marc-Antoine Pouliot in Spitfire zone.
4:33 of 2nd period - Slapshot by Brandon Yip.
4:33 of 2nd period - Shot Blocked by Keaton Ellerby.
4:35 of 2nd period - Wrist shot by Brandon Yip.
4:35 of 2nd period - Saguenéens goal is going for a video replay.
4:35 of 2nd period - The goal is good.
4:35 of 2nd period - Goal by Brandon Yip - Spitfire : 0 - Saguenéens : 3.
4:36 of 2nd period - Kyle Brodziak wins face-off versus Marc-Antoine Pouliot in neutral zone.
4:41 of 2nd period - Snap shot by Kyle Brodziak.
4:41 of 2nd period - Shot Misses the Net.
4:43 of 2nd period - Slapshot by Justin Schultz.
4:43 of 2nd period - Stopped by Yann Danis with a rebound.
4:45 of 2nd period - Snap shot by Brandon Yip.
4:45 of 2nd period - Shot Blocked by Marc-Antoine Pouliot.
5:01 of 2nd period - Erik Condra is hit by Evgeny Dadonov and loses puck.
5:06 of 2nd period - Snap shot by Evgeny Dadonov.
5:06 of 2nd period - Stopped by Yann Danis with a rebound.
5:08 of 2nd period - Slapshot by Ian Cole.
5:08 of 2nd period - Deflect By Evgeny Dadonov.
5:08 of 2nd period - Shot Misses the Net.
5:08 of 2nd period - Puck is out of play.
5:09 of 2nd period - Wayne Primeau wins face-off versus Marc-Antoine Pouliot in Spitfire zone.
5:10 of 2nd period - Wrist shot by Wayne Simmonds.
5:10 of 2nd period - Shot Misses the Net.
6:04 of 2nd period - Eric Mestery is hit by Brandon Yip and loses puck.
6:20 of 2nd period - Off-side.
6:21 of 2nd period - Wayne Simmonds wins face-off versus Paul Bissonnette in neutral zone.
6:36 of 2nd period - Snap shot by Denis Shvidki.
6:36 of 2nd period - Shot Blocked by Wayne Simmonds.
6:38 of 2nd period - Snap shot by Rick Schofield.
6:38 of 2nd period - Stopped by James Reimer with a rebound.
6:40 of 2nd period - Wrist shot by Paul Bissonnette.
6:40 of 2nd period - Goal by Paul Bissonnette - Spitfire : 1 - Saguenéens : 3.
6:41 of 2nd period - Kyle Brodziak wins face-off versus Marc-Antoine Pouliot in neutral zone.
6:46 of 2nd period - Slapshot by Trevor Daley.
6:46 of 2nd period - Shot Misses the Net.
7:06 of 2nd period - Mathieu Roy is hit by Wayne Primeau and loses puck.
7:31 of 2nd period - Slapshot by Mathieu Roy.
7:31 of 2nd period - Deflect By MacGregor Sharp.
7:31 of 2nd period - Shot Blocked by Henrik Tallinder.
7:31 of 2nd period - Puck is out of play.
7:32 of 2nd period - MacGregor Sharp wins face-off versus Brian Flynn in Saguenéens zone.
7:47 of 2nd period - Wrist shot by Brad Staubitz.
7:47 of 2nd period - Stopped by James Reimer without a rebound.
7:48 of 2nd period - Marc-Antoine Pouliot wins face-off versus Wayne Primeau in Saguenéens zone.
7:55 of 2nd period - Snap shot by Shean Donovan.
7:55 of 2nd period - Stopped by James Reimer with a rebound.
8:03 of 2nd period - Tim Kennedy is hit by Justin Schultz and loses puck.
8:14 of 2nd period - Dwight King is hit by Rick Schofield and loses puck.
8:19 of 2nd period - Snap shot by Denis Shvidki.
8:19 of 2nd period - Stopped by James Reimer with a rebound.
8:21 of 2nd period - Backhand shot by Rick Schofield.
8:21 of 2nd period - Goal by Rick Schofield - Spitfire : 2 - Saguenéens : 3.
8:22 of 2nd period - Wayne Primeau wins face-off versus Shean Donovan in neutral zone.
9:23 of 2nd period - Wrist shot by Paul Bissonnette.
9:23 of 2nd period - Goal by Paul Bissonnette - Spitfire : 3 - Saguenéens : 3.
9:24 of 2nd period - Marc-Antoine Pouliot wins face-off versus Wayne Primeau in neutral zone.
9:39 of 2nd period - Wrist shot by Evgeny Dadonov.
9:39 of 2nd period - Stopped by Yann Danis with a rebound.
10:00 of 2nd period - Wrist shot by Tim Kennedy.
10:00 of 2nd period - Shot Blocked by Ian Cole.
10:01 of 2nd period - Minor Penalty to Jarkko Ruutu for Holding.
10:02 of 2nd period - Kyle Brodziak wins face-off versus Rick Schofield in Saguenéens zone.
10:52 of 2nd period - Wayne Primeau is hit by Paul Bissonnette and loses puck.
11:03 of 2nd period - Slapshot by Henrik Tallinder.
11:03 of 2nd period - Shot Blocked by Keaton Ellerby.
11:08 of 2nd period - Icing by Mathieu Roy.
11:09 of 2nd period - Wayne Primeau wins face-off versus Marc-Antoine Pouliot in Spitfire zone.
11:26 of 2nd period - Wrist shot by Kyle Brodziak.
11:26 of 2nd period - Shot Blocked by Denis Shvidki.
12:01 of 2nd period - Penalty to Jarkko Ruutu is over, Jarkko Ruutu is back on ice.
12:10 of 2nd period - Snap shot by Erik Condra.
12:10 of 2nd period - Stopped by James Reimer with a rebound.
12:27 of 2nd period - Icing by Dwight King.
12:28 of 2nd period - MacGregor Sharp wins face-off versus James Sheppard in Saguenéens zone.
12:29 of 2nd period - Slapshot by Brad Staubitz.
12:29 of 2nd period - Stopped by James Reimer with a rebound.
13:15 of 2nd period - Wrist shot by Shean Donovan.
13:15 of 2nd period - Stopped by James Reimer with a rebound.
14:45 of 2nd period - Wrist shot by Tim Kennedy.
14:45 of 2nd period - Stopped by James Reimer with a rebound.
14:51 of 2nd period - Mathieu Roy is hit by Jarkko Ruutu.
15:01 of 2nd period - Danny Syvret is hit by Justin Schultz and loses puck.
15:14 of 2nd period - Wrist shot by Petteri Wirtanen.
15:14 of 2nd period - Goal by Petteri Wirtanen - Spitfire : 3 - Saguenéens : 4.
15:15 of 2nd period - Kyle Brodziak wins face-off versus Marc-Antoine Pouliot in neutral zone.
15:42 of 2nd period - Mathieu Roy is hit by Derek Joslin and loses puck.
15:53 of 2nd period - Wayne Simmonds is hit by Andrew Campbell and loses puck.
16:40 of 2nd period - Wrist shot by Brian Flynn.
16:40 of 2nd period - Stopped by Yann Danis without a rebound.
16:41 of 2nd period - Kyle Brodziak wins face-off versus Rick Schofield in Spitfire zone.
16:52 of 2nd period - Snap shot by Denis Shvidki.
16:52 of 2nd period - Stopped by James Reimer with a rebound.
16:54 of 2nd period - Wrist shot by Rick Schofield.
16:54 of 2nd period - Goal by Rick Schofield - Spitfire : 4 - Saguenéens : 4.
16:55 of 2nd period - Wayne Primeau wins face-off versus Marc-Antoine Pouliot in neutral zone.
17:20 of 2nd period - Rick Schofield is hit by Dwight King and loses puck.
17:51 of 2nd period - Patrice Cormier is hit by Henrik Tallinder and loses puck.
18:07 of 2nd period - Wrist shot by Patrice Cormier.
18:07 of 2nd period - Shot Misses the Net.
18:09 of 2nd period - Slapshot by Mathieu Roy.
18:09 of 2nd period - Stopped by James Reimer with a rebound.
18:11 of 2nd period - Snap shot by Patrice Cormier.
18:11 of 2nd period - Shot Blocked by Henrik Tallinder.
18:13 of 2nd period - Snap shot by Erik Condra.
18:13 of 2nd period - Stopped by James Reimer without a rebound.
18:14 of 2nd period - Kyle Brodziak wins face-off versus Marc-Antoine Pouliot in Saguenéens zone.
18:14 of 2nd period - Kyle Brodziak is hit by Keaton Ellerby.
18:40 of 2nd period - Denis Shvidki is hit by Jeffrey Foss and loses puck.
19:08 of 2nd period - Slapshot by Danny Syvret.
19:08 of 2nd period - Deflect By Brad Staubitz.
19:08 of 2nd period - Stopped by James Reimer without a rebound.
19:09 of 2nd period - Marc-Antoine Pouliot wins face-off versus David Laliberté in Saguenéens zone.
19:10 of 2nd period - Snap shot by Shean Donovan.
19:10 of 2nd period - Shot Misses the Net.
19:12 of 2nd period - Slapshot by Andrew Campbell.
19:12 of 2nd period - Shot Misses the Net.
19:14 of 2nd period - Wrist shot by Marc-Antoine Pouliot.
19:14 of 2nd period - Stopped by James Reimer with a rebound.
19:16 of 2nd period - Snap shot by Shean Donovan.
19:16 of 2nd period - Shot Misses the Net.
19:18 of 2nd period - Snap shot by Danny Syvret.
19:18 of 2nd period - Shot Blocked by Brian Flynn.
19:20 of 2nd period - Slapshot by Marc-Antoine Pouliot.
19:20 of 2nd period - Shot Blocked by Henrik Tallinder.
19:22 of 2nd period - Slapshot by Danny Syvret.
19:22 of 2nd period - Stopped by James Reimer without a rebound.
19:23 of 2nd period - Wayne Primeau wins face-off versus Marc-Antoine Pouliot in Saguenéens zone.
19:28 of 2nd period - Snap shot by Wayne Simmonds.
19:28 of 2nd period - Shot Blocked by Keaton Ellerby.
19:32 of 2nd period - Wrist shot by Wayne Simmonds.
19:32 of 2nd period - Shot Blocked by Keaton Ellerby.
19:34 of 2nd period - Wrist shot by Evgeny Dadonov.
19:34 of 2nd period - Saguenéens goal is going for a video replay.
19:34 of 2nd period - The goal is refused. The net was displaced accidentally..
19:35 of 2nd period - Marc-Antoine Pouliot wins face-off versus Kyle Brodziak in Spitfire zone.
19:35 of 2nd period - Marc-Antoine Pouliot is hit by Dwight King.
3rd period
0:01 of 3rd period - Marc-Antoine Pouliot wins face-off versus Wayne Primeau in neutral zone.
0:26 of 3rd period - Kyle Brodziak is hit by Paul Bissonnette and loses puck.
0:33 of 3rd period - Slapshot by Trevor Daley.
0:33 of 3rd period - Shot Blocked by Denis Shvidki.
0:45 of 3rd period - Slapshot by Brian Flynn.
0:45 of 3rd period - Stopped by Yann Danis without a rebound.
0:46 of 3rd period - Brian Flynn wins face-off versus Patrice Cormier in Spitfire zone.
0:57 of 3rd period - Snap shot by Radek Smolenak.
0:57 of 3rd period - Stopped by James Reimer with a rebound.
0:59 of 3rd period - Snap shot by Andrew Campbell.
0:59 of 3rd period - Deflect By Jarkko Ruutu.
0:59 of 3rd period - Stopped by James Reimer with a rebound.
1:01 of 3rd period - Snap shot by Erik Condra.
1:01 of 3rd period - Shot Blocked by Brian Flynn.
1:22 of 3rd period - Minor Penalty to Justin Schultz for Holding.
1:23 of 3rd period - Wayne Primeau wins face-off versus Marc-Antoine Pouliot in Saguenéens zone.
1:23 of 3rd period - Wayne Primeau is hit by Tim Kennedy.
1:56 of 3rd period - Snap shot by Wayne Primeau.
1:56 of 3rd period - Goal by Wayne Primeau - Spitfire : 4 - Saguenéens : 5.
1:57 of 3rd period - Marc-Antoine Pouliot wins face-off versus Kyle Brodziak in neutral zone.
2:36 of 3rd period - Kyle Brodziak is hit by Keaton Ellerby and loses puck.
3:22 of 3rd period - Penalty to Justin Schultz is over, Justin Schultz is back on ice.
4:47 of 3rd period - Icing by Petteri Wirtanen.
4:48 of 3rd period - Wayne Primeau wins face-off versus Rick Schofield in Saguenéens zone.
5:03 of 3rd period - Wrist shot by Denis Shvidki.
5:03 of 3rd period - Shot Misses the Net.
5:32 of 3rd period - Icing by Patrice Cormier.
5:33 of 3rd period - Marc-Antoine Pouliot wins face-off versus Kyle Brodziak in Spitfire zone.
5:42 of 3rd period - Snap shot by Marc-Antoine Pouliot.
5:42 of 3rd period - Goal by Marc-Antoine Pouliot - Spitfire : 5 - Saguenéens : 5.
5:43 of 3rd period - Marc-Antoine Pouliot wins face-off versus Wayne Primeau in neutral zone.
5:50 of 3rd period - Backhand shot by Shean Donovan.
5:50 of 3rd period - Deflect By Tim Kennedy.
5:50 of 3rd period - Stopped by James Reimer without a rebound.
5:51 of 3rd period - Wayne Primeau wins face-off versus Marc-Antoine Pouliot in Saguenéens zone.
6:04 of 3rd period - Slapshot by Derek Joslin.
6:04 of 3rd period - Stopped by Yann Danis without a rebound.
6:05 of 3rd period - Tim Kennedy wins face-off versus Kyle Brodziak in Spitfire zone.
6:18 of 3rd period - Keaton Ellerby is hit by Kyle Brodziak and loses puck.
6:31 of 3rd period - Keaton Ellerby is hit by Justin Schultz and loses puck.
7:52 of 3rd period - Jarkko Ruutu is hit by Matt Delahey and loses puck.
7:57 of 3rd period - Snap shot by Mathieu Roy.
7:57 of 3rd period - Stopped by James Reimer with a rebound.
7:59 of 3rd period - Slapshot by Paul Bissonnette.
7:59 of 3rd period - Stopped by James Reimer with a rebound.
8:11 of 3rd period - Jarkko Ruutu is hit by Keaton Ellerby and loses puck.
8:42 of 3rd period - Wrist shot by Evgeny Dadonov.
8:42 of 3rd period - Shot Blocked by MacGregor Sharp.
8:54 of 3rd period - Wrist shot by Brandon Yip.
8:54 of 3rd period - Shot Blocked by Matt Delahey.
8:56 of 3rd period - Wrist shot by Brandon Yip.
8:56 of 3rd period - Stopped by Yann Danis with a rebound.
8:58 of 3rd period - Wrist shot by Dwight King.
8:58 of 3rd period - Shot Misses the Net.
9:00 of 3rd period - Wrist shot by Kyle Brodziak.
9:00 of 3rd period - Shot Blocked by Eric Mestery.
9:02 of 3rd period - Snap shot by Dwight King.
9:02 of 3rd period - Shot Misses the Net.
9:12 of 3rd period - Snap shot by James Sheppard.
9:12 of 3rd period - Shot Blocked by Paul Bissonnette.
9:14 of 3rd period - Wrist shot by Petteri Wirtanen.
9:14 of 3rd period - Shot Misses the Net.
9:19 of 3rd period - Minor Penalty to Derek Joslin for Interference.
9:20 of 3rd period - Marc-Antoine Pouliot wins face-off versus Wayne Primeau in Saguenéens zone.
10:45 of 3rd period - Mathieu Roy is hit by Justin Schultz and loses puck.
11:19 of 3rd period - Penalty to Derek Joslin is over, Derek Joslin is back on ice.
11:50 of 3rd period - Snap shot by Erik Condra.
11:50 of 3rd period - Shot Misses the Net.
12:12 of 3rd period - Snap shot by Wayne Simmonds.
12:12 of 3rd period - Shot Misses the Net.
13:06 of 3rd period - Brian Flynn is hit by Denis Shvidki and loses puck.
13:17 of 3rd period - Andrew Campbell is hit by Henrik Tallinder and loses puck.
13:38 of 3rd period - Danny Syvret is hit by Dwight King and loses puck.
13:59 of 3rd period - Snap shot by Denis Shvidki.
13:59 of 3rd period - Stopped by James Reimer without a rebound.
14:00 of 3rd period - Rick Schofield wins face-off versus Petteri Wirtanen in Saguenéens zone.
14:05 of 3rd period - Snap shot by Paul Bissonnette.
14:05 of 3rd period - Deflect By Ian Cole.
14:05 of 3rd period - Stopped by James Reimer without a rebound.
14:06 of 3rd period - Wayne Primeau wins face-off versus Marc-Antoine Pouliot in Saguenéens zone.
14:13 of 3rd period - Wrist shot by Tim Kennedy.
14:13 of 3rd period - Shot Misses the Net.
14:15 of 3rd period - Slapshot by Keaton Ellerby.
14:15 of 3rd period - Deflect By Tim Kennedy.
14:15 of 3rd period - Shot Blocked by Ian Cole.
14:15 of 3rd period - Puck is out of play.
14:16 of 3rd period - Wayne Primeau wins face-off versus Marc-Antoine Pouliot in Saguenéens zone.
14:27 of 3rd period - Snap shot by Wayne Simmonds.
14:27 of 3rd period - Stopped by Yann Danis without a rebound.
14:28 of 3rd period - Wayne Primeau wins face-off versus Shean Donovan in Spitfire zone.
14:31 of 3rd period - Backhand shot by Wayne Primeau.
14:31 of 3rd period - Shot Misses the Net.
14:53 of 3rd period - Evgeny Dadonov is hit by Mathieu Roy and loses puck.
15:14 of 3rd period - Snap shot by Wayne Primeau.
15:14 of 3rd period - Shot Misses the Net.
15:16 of 3rd period - Snap shot by Wayne Primeau.
15:16 of 3rd period - Stopped by Yann Danis without a rebound.
15:17 of 3rd period - Kyle Brodziak wins face-off versus Tim Kennedy in Spitfire zone.
16:01 of 3rd period - Off-side.
16:02 of 3rd period - Rick Schofield wins face-off versus Brian Flynn in neutral zone.
16:27 of 3rd period - David Laliberté is hit by Brad Staubitz and loses puck.
16:40 of 3rd period - Snap shot by Brian Flynn.
16:40 of 3rd period - Shot Misses the Net.
16:42 of 3rd period - Wrist shot by Brian Flynn.
16:42 of 3rd period - Stopped by Yann Danis without a rebound.
16:43 of 3rd period - Rick Schofield wins face-off versus Wayne Primeau in Spitfire zone.
16:47 of 3rd period - Off-side.
16:48 of 3rd period - Wayne Primeau wins face-off versus Rick Schofield in neutral zone.
17:19 of 3rd period - Wrist shot by Shean Donovan.
17:19 of 3rd period - Stopped by James Reimer without a rebound.
17:20 of 3rd period - Wayne Primeau wins face-off versus Marc-Antoine Pouliot in Saguenéens zone.
17:27 of 3rd period - Wrist shot by Trevor Daley.
17:27 of 3rd period - Shot Misses the Net.
17:29 of 3rd period - Slapshot by Evgeny Dadonov.
17:29 of 3rd period - Goal by Evgeny Dadonov - Spitfire : 5 - Saguenéens : 6.
17:30 of 3rd period - Marc-Antoine Pouliot wins face-off versus Wayne Primeau in neutral zone.
17:45 of 3rd period - Snap shot by Shean Donovan.
17:45 of 3rd period - Stopped by James Reimer without a rebound.
17:46 of 3rd period - Kyle Brodziak wins face-off versus Patrice Cormier in Saguenéens zone.
17:53 of 3rd period - Slapshot by Mathieu Roy.
17:53 of 3rd period - Shot Blocked by Justin Schultz.
17:55 of 3rd period - Slapshot by Keaton Ellerby.
17:55 of 3rd period - Shot Blocked by Justin Schultz.
18:11 of 3rd period - Shean Donovan is hit by Evgeny Dadonov and loses puck.
18:18 of 3rd period - Snap shot by Wayne Simmonds.
18:18 of 3rd period - Shot Misses the Net.
19:06 of 3rd period - Spitfire, Yann Danis is pulled from the net.
19:16 of 3rd period - Wrist shot by Wayne Primeau.
19:16 of 3rd period - Goal by Wayne Primeau - Spitfire : 5 - Saguenéens : 7.
19:16 of 3rd period - Yann Danis from Spitfire was sent back in the game.
19:17 of 3rd period - Wayne Primeau wins face-off versus Tim Kennedy in neutral zone.
19:21 of 3rd period - Trevor Daley is hit by Danny Syvret and loses puck.
Output by the SimonT Hockey Simulator (STHS) for François Prévost -- Original Page W3C XHTML 1.0 Valid